 Dungeon Crawl Stone Soup version 0.30-a0-476-g330ca2eb8e (webtiles) character file.

Game seed: 17456034578161633821

12056 bjtr the Geomancer (level 11, -26/59 HPs)
             Began as a Gargoyle Earth Elementalist on Dec 20, 2022.
             Was an Elder of Vehumet.
             Annihilated by a titanic slime creature (48 damage)
             ... on level 9 of the Dungeon on Dec 21, 2022.
             The game lasted 01:21:04 (9621 turns).

bjtr the Geomancer (Gargoyle Earth Elementalist)    Turns: 9621, Time: 01:21:04

Health: -26/59     AC: 24    Str: 11    XL:     11   Next: 87%
Magic:  18/25      EV: 11    Int: 21    God:    Vehumet [****..]
Gold:   446        SH:  0    Dex: 10    Spells: 12/30 levels left

rFire   + . .      SeeInvis .    j - +10 dark maul {vorpal}
rCold   . . .      Faith    .    (shield currently unavailable)
rNeg    + . .      Spirit   .    M - +2 swamp dragon scales
rPois   ∞          Reflect  .    o - +0 helmet
rElec   +          Harm     .    q - +0 cloak
rCorr   .          Rampage  .    O - +0 pair of gloves
Will    .....                    H - +0 pair of boots
Stlth   ++........               (no amulet)
HPRegen 0.29/turn                p - ring of wizardry
MPRegen 0.19/turn                h - ring of protection from fire

@: no status effects
A: sickness immunity, AC +8, negative energy resistance 1, electricity
resistance, torment resistance 1, petrification resistance
a: Renounce Religion


You were on level 9 of the Dungeon.
You worshipped Vehumet.
Vehumet was greatly pleased with you.
You visited 2 branches of the dungeon, and saw 11 of its levels.
You also visited: Bailey.

You collected 511 gold pieces.
You spent 65 gold pieces at shops.

Inventory:

Hand Weapons
 j - the +10 dark maul (weapon) {vorpal}
   (You took it off a two-headed ogre on level 8 of the Dungeon)

   It inflicts extra damage upon your enemies.
 u - a +1 war axe
 v - a +2 dire flail of draining
 x - a +0 sling
 E - a +1 vorpal flail
 G - a +0 morningstar
 L - a +1 broad axe of flaming
 P - a +4 halberd
 Q - a +0 arbalest
 S - a +5 great sword
Missiles
 l - 19 poisoned darts
 A - a throwing net
Armour
 c - an orb of mayhem
 i - a +2 buckler
 k - a +0 robe of fire resistance
 o - a +0 helmet (worn)
 q - a +0 cloak (worn)
 B - a +0 robe of positive energy
 H - a +0 pair of boots (worn)
 M - +2 swamp dragon scales (worn)
 O - a +0 pair of gloves (worn)
Jewellery
 h - a ring of protection from fire (right hand)
 p - a ring of wizardry (left hand)
 F - an amulet of faith
Wands
 n - a wand of flame (26)
 w - a wand of iceblast (26)
 V - a wand of polymorph (7)
Scrolls
 e - 3 scrolls of vulnerability
 g - a scroll of fog
 z - a scroll of identify
 C - 3 scrolls of teleportation
 I - 3 scrolls of blinking
 U - a scroll of amnesia
 X - a scroll of magic mapping
 Z - a scroll of summoning
Potions
 b - 2 potions of magic
 d - 5 potions of curing
 f - 3 potions of attraction
 r - a potion of might
 s - 4 potions of mutation
 t - a potion of resistance
 D - 2 potions of brilliance
 K - 2 potions of cancellation
 R - 2 potions of heal wounds
 T - 2 potions of flight
 W - a potion of ambrosia
 Y - 3 potions of invisibility


   Skills:
 + Level 2.7 Fighting
 * Level 6.4 Armour
 + Level 2.7 Dodging
 + Level 6.1 Stealth
 + Level 7.0 Shields
 + Level 10.3 Spellcasting
 + Level 3.6 Conjurations
 - Level 0.7 Transmutations
 + Level 0.5 Fire Magic
 * Level 12.0 Earth Magic
 + Level 1.8 Poison Magic
 + Level 0.6 Evocations


You had 12 spell levels left.
You knew the following spells:

 Your Spells              Type           Power      Damage    Failure   Level
a - Sandblast             Erth           100%       2d20      1%          1
b - Passwall              Tmut/Erth      30%        N/A       1%          2
c - Stone Arrow           Conj/Erth      86%        3d12      1%          3
d - Petrify               Tmut/Erth      37%        N/A       4%          4
e - Mephitic Cloud        Conj/Pois/Air  18%        N/A       2%          3
f - Inner Flame           Hex/Fire       11%        N/A       4%          3
g - Searing Ray           Conj           52%        2d6       1%          2

Your spell library contained the following spells:

 Spells                   Type           Power      Damage    Failure   Level
 Kindle Blastsparks       Fire/Tloc/Air  22%        2d11      4%          3
 Magic Dart               Conj           100%       1d8       1%          1
 Poisonous Vapours        Pois/Air       28%        N/A       1%          2
 Fulminant Prism          Conj/Hex       9%         3d7       7%          4
 Gell's Gravitas          Tloc           10%        N/A       16%         3
 Lesser Beckoning         Tloc           20%        N/A       16%         3
 Teleport Other           Tloc           10%        N/A       16%         3
 Cigotuvi's Dreadful Rot  Necr/Pois/Air  Unusable   N/A       N/A         2

Dungeon Overview and Level Annotations

Branches:
Dungeon (10/15)            Temple (1/1) D:6          Bailey (visited)
   Lair: D:8-11         Orc: D:9-12

Altars:
Cheibriados
Dithmenos
Elyvilon
Fedhas
Gozag
Hepliaklqana
Kikubaaqudgha
Makhleb
Nemelex Xobeh
Okawaru
Qazlal
Ru
Sif Muna
Trog
Uskayaw
Vehumet
Wu Jian
Xom
Yredelemnul
Zin
The Shining One

Shops:
D:1 ([*(   D:8 *


Innate Abilities, Weirdness & Mutations

You are immune to sickness and miasma.
Your stone body is resilient. (AC +8)
You are immune to poison.
You resist negative energy. (rN+)
You are resistant to electric shocks. (rElec)
You are resistant to unholy torment.
You are immune to petrification.


Message History

A very large slime creature splits.
The large slime creature barely misses you.
Unknown command.
Two slime creatures merge to form a very large slime creature.
Two slime creatures merge to form a large slime creature.
Unknown command.
Casting: Inner Flame (dangerous; 4% risk of failure)
Confirm with . or Enter, or press ? or * to list all spells.
Aiming: Inner Flame (dangerous; 4% risk of failure)
Press: ? - help, Dir - move target, f/p - very large slime creature
Aim: a very large slime creature (moderately wounded, chance to affect: 45%)
The very large slime creature is filled with an inner flame.
Unknown command.
You sock the very large slime creature!
Flame seeps out of the very large slime creature. x2
The very large slime creature is moderately wounded.
The very large slime creature is engulfed in blazing flames.
Flame seeps out of the very large slime creature.
The very large slime creature completely misses you.
A large slime creature splits.
The very large slime creature is engulfed in blazing flames.
Flame seeps out of the very large slime creature.
The very large slime creature closely misses you.
Two slime creatures merge to form an enormous slime creature.
Unknown command.
You hammer the enormous slime creature like a gong!!!
Flame seeps out of the enormous slime creature. x2
The enormous slime creature is heavily wounded.
The enormous slime creature is engulfed in blazing flames.
Flame seeps out of the enormous slime creature.
The enormous slime creature hits you!
The enormous slime creature is engulfed in blazing flames.
Flame seeps out of the enormous slime creature.
The enormous slime creature hits you!!
Two slime creatures merge to form a titanic slime creature.
Unknown command.
The titanic slime creature attacks as you move away!
The titanic slime creature hits you!!!
Ouch! That really hurt!
You die...

#.# #........# #....... #.#####
#........# #....... ......#
###........# #....... ......#
##.'........#####.......
......####..#........##..........
...........##........'..##.......
......#######........#####.......
......# #####'#### #####.##
####### #..J@.# #.....#
####.##### ###.##### #...J....#
#.......## #........# #.........
#........# #.......#. #........#
#.......##
#........######...[...#
#.....................#
#........######..<....#


You could see a titanic slime creature (inner flame).

Vanquished Creatures
  2 vault guards (Bailey)
  2 two-headed ogres (D:8)
  Pikel (D:9)
  Maggie (D:7)
  Grinder (D:5)
  Prince Ribbit (D:8)
  A hornet (D:8)
  A blink frog (Bailey)
  A slime creature (D:10)
  Sigmund (D:2)
  3 wyverns
  5 humans (Bailey)
  A steam dragon (D:7)
  Edmund (D:5)
  An acid dragon (D:4)
  A water moccasin (D:6)
  3 orc warriors
  4 sky beasts
  A black bear (D:6)
  3 ice beasts
  3 ogres
  2 centaurs (D:8)
  A phantom (D:5)
  A kobold brigand (D:8)
  14 bullfrogs
  2 gnoll sergeants (D:9)
  7 scorpions
  7 wights
  4 killer bees (D:9)
  3 howler monkeys (D:7)
  9 hounds
  5 orc priests
  2 jellies (D:7)
  A gnoll bouda (D:7)
  12 orc wizards
  5 iguanas
  15 gnolls
  8 adders
  4 white imps
  A dart slug (D:3)
  34 orcs
  5 endoplasms
  A giant cockroach (D:1)
  7 goblins
  6 hobgoblins
  6 kobolds
  5 quokkas
  3 ball pythons
  4 bats
  A rat (D:3)
213 creatures vanquished.

Vanquished Creatures (collateral kills)
  2 two-headed ogres (D:8)
  Psyche (D:8)
  A goblin (D:2)
4 creatures vanquished.

Vanquished Creatures (others)
  An orc wizard (D:6)
  An orc (D:7)
2 creatures vanquished.

Grand Total: 219 creatures vanquished

Notes
Turn   | Place    | Note
-------+----------+-------------------------------------------
     0 | D:1      | bjtr the Gargoyle Earth Elementalist began the quest for
                  | the Orb.
     0 | D:1      | Reached XP level 1. HP: 10/10 MP: 3/3
   229 | D:1      | Reached skill level 4 in Earth Magic
   269 | D:1      | Found Gamy's Armour Emporium.
   272 | D:1      | Found Joklarim's Antique Weapon Shop.
   324 | D:1      | Found a faded altar of an unknown god.
   416 | D:1      | Found Cer Jeka's Assorted Antiques.
   511 | D:1      | Found Reajyden's Weapon Boutique.
   604 | D:1      | Reached XP level 2. HP: 15/15 MP: 3/5
   823 | D:1      | Learned a level 2 spell: Passwall
   960 | D:2      | Reached XP level 3. HP: 19/19 MP: 2/6
  1115 | D:2      | Noticed Sigmund
  1143 | D:2      | Learned a level 3 spell: Stone Arrow
  1147 | D:2      | Killed Sigmund
  1148 | D:2      | Reached skill level 1 in Armour
  1148 | D:2      | Reached skill level 1 in Shields
  1148 | D:2      | Reached skill level 5 in Earth Magic
  1148 | D:2      | Reached XP level 4. HP: 24/24 MP: 3/9
  1148 | D:2      | Reached XP level 5. HP: 28/28 MP: 3/10
  1236 | D:2      | Learned a level 4 spell: Petrify
  1707 | D:3      | Upgraded the game from 0.30-a0-469-g84de5afbc5 to
                  | 0.30-a0-475-g03497ec522
  2313 | D:4      | Reached XP level 6. HP: 33/33 MP: 11/11
  2339 | D:3      | Reached skill level 6 in Earth Magic
  2681 | D:4      | Found a sacrificial altar of Ru.
  2693 | D:4      | Found a radiant altar of Vehumet.
  2704 | D:4      | Became a worshipper of Vehumet
  2776 | D:4      | Reached XP level 7. HP: 37/37 MP: 10/13
  3089 | D:4      | Found a glowing silver altar of Zin.
  3141 | D:5      | Entered Level 5 of the Dungeon
  3205 | D:5      | Found a stormy altar of Qazlal.
  3217 | D:5      | Reached skill level 7 in Earth Magic
  3297 | D:5      | Reached skill level 5 in Spellcasting
  3297 | D:5      | Reached XP level 8. HP: 42/42 MP: 6/15
  3540 | D:5      | Found a glowing golden altar of the Shining One.
  3545 | D:5      | Learned a level 3 spell: Mephitic Cloud
  3602 | D:5      | Noticed Edmund
  3616 | D:5      | Reached skill level 8 in Earth Magic
  3784 | D:5      | You fall into a shaft and drop 1 floor!
  3916 | D:5      | Noticed Grinder
  3954 | D:5      | Paralysed by Grinder for 3 turns
  4126 | D:5      | Reached XP level 9. HP: 44/46 MP: 13/18
  4197 | D:5      | Killed Grinder
  4197 | D:5      | Reached * piety under Vehumet
  4197 | D:5      | Offered knowledge of Magic Dart by Vehumet.
  4198 | D:5      | Reached skill level 9 in Earth Magic
  4202 | D:5      | Killed Edmund
  4203 | D:5      | Reached skill level 1 in Fighting
  4313 | D:5      | Reached skill level 1 in Conjurations
  4894 | D:6      | Found a blossoming altar of Fedhas.
  4983 | D:6      | Found a staircase to the Ecumenical Temple.
  4994 | Temple   | Entered the Ecumenical Temple
  5909 | D:7      | Reached XP level 10. HP: 52/52 MP: 11/21
  5910 | D:7      | Offered knowledge of Shock by Vehumet.
  5911 | D:7      | Reached skill level 5 in Shields
  5918 | D:7      | Reached ** piety under Vehumet
  5919 | D:7      | Reached skill level 10 in Earth Magic
  6013 | D:7      | Noticed Maggie
  6047 | D:7      | Killed Maggie
  6643 | D:8      | Noticed Prince Ribbit
  6650 | D:8      | Found a flagged portal.
  6666 | D:8      | Reached skill level 5 in Stealth
  6701 | Bailey   | Entered a bailey
  6715 | Bailey   | Offered knowledge of Dazzling Flash by Vehumet.
  6748 | Bailey   | Reached skill level 1 in Poison Magic
  6754 | Bailey   | Reached *** piety under Vehumet
  7012 | Bailey   | Reached skill level 5 in Armour
  7054 | Bailey   | Noticed a vault guard
  7056 | Bailey   | Noticed a vault guard
  7066 | Bailey   | Killed a vault guard
  7069 | Bailey   | Killed a vault guard
  7070 | Bailey   | Reached skill level 11 in Earth Magic
  7070 | Bailey   | Reached XP level 11. HP: 57/57 MP: 20/24
  7264 | D:8      | Killed Prince Ribbit
  7274 | D:8      | Offered knowledge of Inner Flame by Vehumet.
  7279 | D:8      | Learned a level 3 spell: Inner Flame
  7413 | D:8      | Found a shimmering altar of Xom.
  7668 | D:8      | Found Hhongasu's Humungous Hoard.
  7701 | D:8      | Bought a potion of heal wounds for 65 gold pieces
  7839 | D:8      | Noticed a two-headed ogre
  7840 | D:8      | Noticed a two-headed ogre
  7842 | D:8      | Noticed Psyche
  7846 | D:8      | Noticed a two-headed ogre
  7851 | D:8      | Killed a two-headed ogre
  7851 | D:8      | Killed a two-headed ogre
  7855 | D:8      | Killed Psyche
  7857 | D:8      | Killed a two-headed ogre
  7978 | D:8      | Noticed a two-headed ogre
  7986 | D:8      | Killed a two-headed ogre
  7987 | D:8      | Reached skill level 10 in Spellcasting
  8541 | D:9      | Noticed Pikel
  8548 | D:9      | Killed Pikel
  8737 | D:9      | Reached **** piety under Vehumet
  8903 | D:9      | Offered knowledge of Kindle Blastsparks by Vehumet.
  9129 | D:9      | Learned a level 2 spell: Searing Ray
  9266 | D:9      | Upgraded the game from 0.30-a0-475-g03497ec522 to
                  | 0.30-a0-476-g330ca2eb8e
  9303 | D:10     | Entered Level 10 of the Dungeon
  9383 | D:10     | Reached skill level 12 in Earth Magic
  9621 | D:9      | Annihilated by a titanic slime creature

Illustrated notes

Levels and vault maps discovered:
D:1:      ncdulo_watergridlock, layout_basic, serial_shops, shop,
          nicolae_shop_temple_entry_statues_fountains, shop, shop_fountains,
          shapermc_ecumenical_altar_totnotflames
D:2:      layout_basic, uniq_sigmund
D:3:      layout_loops_cross
D:4:      layout_cave_pools, zin_treasury, nicolae_ru_awakened_eye,
          mainiacjoe_overflow_paths, cheibrodos_gnoll_hut
D:5:      cheibrodos_fzero, layout_cave_pools, mainiacjoe_overflow_tiny_flanked,
          mainiacjoe_overflow_chevrons, uniq_edmund, uniq_grinder
D:6:      layout_loops_ring, fedhas_altar_2, minmay_temple_entry_fiery
D:7:      layout_basic, uniq_maggie
D:8:      layout_loops_cross, kennysheep_mini_moat, enter_bailey_2,
          nicolae_alphabet_shops, hellmonk_guarded_unrand_dark_maul,
          uniq_psyche, uniq_prince_ribbit1
D:9:      layout_roguey, uniq_pikel
D:10:     layout_grid_maze, lemuel_tele_altar, minmay_misc_feat_enclosed,
          uniq_joseph, uniq_maurice
Temple:   nicolae_temple_superstar

Skill      XL: |  1  2  3  4  5  6  7  8  9 10 11 |
---------------+----------------------------------+-----
Earth Magic    | 4 5 6 7 8 9 11 12 | 12.0
Armour         | 1 2 3 4 5 6 |  6.4
Shields        | 1 2 3 4 6 7 |  7.0
Spellcasting   | 3 4 5 6 7 9 10 | 10.3
Stealth        | 3 4 5 6 |  6.1
Dodging        | 2 |  2.7
Fighting       | 1 2 |  2.7
Conjurations   | 1 3 |  3.6
Poison Magic   | 1 |  1.8
Transmutations | |  0.7
Fire Magic     | |  0.5
Evocations     | |  0.6

Action                   |  1- 3 |  4- 6 |  7- 9 | 10-12 || total
-------------------------+-------+-------+-------+-------++-------
Melee: Dagger            |     2 |       |       |       ||     2
       War axe           |       |    13 |    46 |       ||    59
       Morningstar       |       |       |    29 |     5 ||    34
       Broad axe         |       |       |       |   122 ||   122
       Maul              |       |       |       |    26 ||    26
 Fire: Sling             |       |     8 |       |       ||     8
 Cast: Sandblast         |    23 |    46 |   128 |    79 ||   276
       Mephitic Cloud    |       |       |    16 |    40 ||    56
       Petrify           |       |       |     2 |     5 ||     7
       Stone Arrow       |       |       |       |     7 ||     7
       Inner Flame       |       |       |       |    12 ||    12
Evoke: Wand              |       |       |       |     8 ||     8
  Use: Scroll            |       |     8 |    15 |     8 ||    31
       Potion            |       |       |     4 |     3 ||     7
 Stab: Sleeping          |     1 |       |       |     1 ||     2
       Petrified         |       |       |    12 |     5 ||    17
       Confused          |       |       |     1 |    16 ||    17
       Distracted        |       |       |     1 |       ||     1
       Petrifying        |       |       |     1 |       ||     1
Armor: Robe              |     8 |    17 |    78 |     1 ||   104
       Swamp dragon scal |       |       |       |   131 ||   131
Dodge: Dodged            |     8 |    14 |    70 |   106 ||   198
Block: Buckler           |       |     2 |    52 |    52 ||   106

Table legend: (Time is in decaauts)
 A = Elapsed time spent in this place.
 B = Non-inter-level travel time spent in this place.
 C = Inter-level travel time spent in this place.
 D = Time resting spent in this place.
 E = Time spent auto-exploring this place.
 F = Levels seen in this place.
 G = Mean time per level.
                   A        B        C        D        E       F      G
               +--------+--------+--------+--------+--------+-----+--------+
         Total |   9932 |   9534 |    398 |   2410 |   4873 |  12 |  827.7 |
       Dungeon |   9238 |   8845 |    393 |   2087 |   4724 |  10 |  923.8 |
        Temple |    119 |    114 |      5 |      0 |    100 |   1 |  119.0 |
        Bailey |    575 |    575 |      0 |    322 |     49 |   1 |  575.0 |
               +--------+--------+--------+--------+--------+-----+--------+

Top non-repeatable levels by time:
     D:8: 1472 daAuts
     D:7: 1275 daAuts
     D:5: 1165 daAuts
     D:4: 1125 daAuts
     D:1: 914 daAuts
     D:9: 887 daAuts
     D:6: 861 daAuts
     D:3: 762 daAuts
     D:2: 683 daAuts
  Bailey: 575 daAuts
  Temple: 119 daAuts
    D:10: 88 daAuts
